AoeStats
← fafagege

Arena

510747144Analyzed
4v4 RM · 1d ago on Oct 2, 2026· 36m 4s· 8 players
Game mode
Random Map
Map size
Large (8 player)
Population
200
Speed
Normal
Resources
Standard
Victory
Conquest
Starting age
Dark Age
Ending age
Imperial Age
RankedLock teamsTeams togetherTeam positionsShared explorationLock speedFull tech treeHidden civsTurbo modeCheats
Victory
Defeat
🇨🇳 Khmer · China
1348
+13
🇸🇬 Burgundians · Singapore
1297
+15
🇨🇳 Mongols · China
1252
+17
🇨🇳 Bohemians · China
1128
+22
🇨🇳 Maya · China
1298
-18
🇨🇱 Vietnamese · Chile
1297
-18
🇦🇺 Mongols · Australia
1251
-16
🇨🇳 Lithuanians · China
1238
-15
noob9527
7:30 Loom
9:53 Feudal Age
13:51 Castle Age
12:08 Double-Bit Axe
16:01 Horse Collar
22:08 Bow Saw
23:26 Fervor
27:47 Wheelbarrow
29:55 Squires
30:46 Pikeman
31:39 Arson
32:19 Scale Mail Armor
33:41 Forging
missed and miss
10:17 Feudal Age
13:18 Castle Age
11:39 Double-Bit Axe
13:00 Horse Collar
17:51 Wheelbarrow
17:29 Loom
21:24 Wheelbarrow
22:02 Bow Saw
23:09 Gold Mining
24:05 Heavy Plow
25:10 Gold Shaft Mining
25:19 Stone Mining
29:23 Imperial Age
26:50 Light Cavalry
27:40 Bloodlines
27:30 Husbandry
28:23 Scale Barding Armor
28:29 Forging
30:14 Stone Shaft Mining
29:27 Heavy Scorpion
29:58 Hussar
31:32 Siege Engineers
31:48 Ballistics
32:07 Murder Holes
33:55 Conscription
34:45 Hand Cart
35:52 Chain Barding Armor
36:08 Iron Casting
fafagege
10:37 Feudal Age
11:31 Double-Bit Axe
11:49 Horse Collar
14:35 Castle Age
15:53 Bow Saw
18:14 Wheelbarrow
20:45 Heavy Plow
22:41 Stone Mining
23:20 Gold Mining
24:33 Hand Cart
29:02 Imperial Age
26:59 Fletching
27:39 Ballistics
27:13 Loom
27:15 Town Watch
28:10 Bodkin Arrow
28:34 Thumb Ring
30:22 Gold Shaft Mining
30:22 Stone Shaft Mining
30:10 Conscription
29:55 Bracer
30:18 Husbandry
30:28 Bloodlines
33:36 Chemistry
32:54 Elite Mangudai
34:13 Padded Archer Armor
34:42 Drill
34:59 Hoardings
8316699
4:55 Double-Bit Axe
6:35 Horse Collar
10:56 Feudal Age
14:28 Castle Age
13:54 Bow Saw
14:40 Heavy Plow
22:42 Scale Barding Armor
23:29 Wheelbarrow
23:14 Husbandry
23:28 Cavalier
25:07 Forging
25:53 Hand Cart
31:05 Crop Rotation
30:27 Gold Mining
31:40 Two-Man Saw
30:31 Stone Mining
33:41 Gold Shaft Mining
33:42 Stone Shaft Mining
36:12 Imperial Age
33:53 Pikeman
34:34 Squires
STDofBelisarius
0:32 Loom
11:45 Feudal Age
13:35 Double-Bit Axe
16:20 Castle Age
14:31 Horse Collar
15:24 Forging
16:08 Forging
20:37 Wheelbarrow
20:52 Bow Saw
20:40 Gold Mining
24:05 Hand Cart
24:29 Heavy Plow
24:40 Squires
26:12 Eagle Warrior
27:21 Squires
27:24 Scale Mail Armor
27:58 Forging
28:48 Chain Mail Armor
30:40 Iron Casting
29:51 Arson
35:28 Imperial Age
34:25 Fortified Wall
skarrf
10:54 Feudal Age
14:33 Castle Age
12:20 Double-Bit Axe
12:15 Horse Collar
15:44 Bow Saw
15:35 Heavy Plow
21:23 Wheelbarrow
20:34 Loom
20:35 Town Watch
22:11 Stone Mining
22:14 Gold Mining
24:53 Hand Cart
28:44 Imperial Age
27:57 Scale Barding Armor
28:03 Forging
28:09 Masonry
27:45 Treadmill Crane
28:54 Stone Shaft Mining
28:49 Elite Leitis
30:15 Chain Barding Armor
30:22 Bloodlines
30:12 Husbandry
30:50 Conscription
31:46 Plate Barding Armor
31:48 Iron Casting
32:43 Masonry
Jumpinghorse
10:48 Feudal Age
15:20 Castle Age
13:23 Double-Bit Axe
13:33 Horse Collar
14:10 Loom
20:20 Bow Saw
22:25 Wheelbarrow
23:01 Town Watch
25:05 Hand Cart
31:50 Coinage
Diegote
10:16 Feudal Age
13:57 Castle Age
12:17 Double-Bit Axe
12:16 Horse Collar
22:42 Wheelbarrow
26:50 Imperial Age
24:55 Gold Mining
25:24 Hand Cart
26:02 Scale Barding Armor
26:07 Forging
26:52 Husbandry
27:03 Bloodlines
27:30 Chain Barding Armor
27:21 Forging
27:23 Chatras
28:49 Bow Saw
30:30 Two-Man Saw
30:51 Iron Casting
30:52 Plate Barding Armor
32:44 Paper Money
32:55 Loom
Connection lost

Rejoining the realm…

Still unreachable

The connection could not be restored.

Session expired

The server has moved on; the page needs a fresh start.